Map: Acid Plant LE

Players

Paradigmdeez

  • Race: Zerg Zerg
  • League: Platinum
  • Spawn Location: 11:00

Leafstep - Winner!

  • Race: Zerg Zerg
  • League: Platinum
  • Spawn Location: 5:00

VOD

Have the link to the VOD?

Description

Time

  • Played on: June 23, 2018, 6:48 a.m.
  • Length: 6:47
Show
View Real Time Build Order
Export as new Build Order

Paradigmdeez Zerg 

Build Orders: Pool First 

Get SALT Encoding   

  12  0:19  Spawning Pool  
  11  0:22  Drone  
  11  0:27  Drone  
  13  0:37  Drone  
  14  0:44  Overlord  
  14  1:06  Zergling x2  
  14  1:07  Zergling x4  
  17  1:19  Zergling x2  
  18  1:25  Queen  
  20  1:36  Hatchery  
  20  1:38  Zergling x2  
  20  1:42  Drone  
  21  2:04  Drone  
  20  2:25  Overlord  
  18  2:36  Zergling x4  
  21  2:37  Zergling x2  
  21  2:52  Zergling x6  
  24  3:08  Zergling x2  
  24  3:18  Queen  
  24  3:19  Queen  
  26  3:21  Drone  
  26  3:23  Drone x2  
  26  3:24  Drone  
  31  3:44  Drone x3  
  31  3:45  Drone  
  31  3:46  Overlord  
  34  3:57  Drone x3  
  33  4:12  Drone x4  
  37  4:17  Extractor  
  37  4:18  Extractor  
  35  4:25  Drone  
  35  4:26  Drone  
  36  4:43  Evolution Chamber  
  36  4:44  Evolution Chamber  
  36  4:45  Evolution Chamber  
  33  4:47  Spine Crawler  
  32  5:02  Zergling x20  
  28  5:30  Zergling x2  
  28  5:31  Zergling x12  
  33  5:36  Drone x2  
  33  5:40  Queen  
  33  5:41  Queen  
  39  6:04  Drone  
  39  6:05  Drone x3  
  39  6:06  Overlord x3  
Show
View Real Time Build Order
Export as new Build Order

Leafstep Zerg - Winner!

Build Orders: Hatch First 

Get SALT Encoding   

  12  0:01  Drone  
  13  0:12  Overlord  
  13  0:17  Drone  
  14  0:30  Drone x2  
  14  0:35  Drone  
  17  0:53  Hatchery  
  17  0:56  Drone  
  17  1:00  Drone  
  18  1:10  Extractor  
  17  1:14  Spawning Pool  
  17  1:17  Drone  
  17  1:21  Drone  
  18  1:28  Drone  
  19  1:39  Overlord  
  19  2:02  Zergling x4  
  19  2:04  Spine Crawler  
  19  2:05  Queen x2  
  19  2:07  Zergling x2  
  21  2:38  Zergling x6  
  23  2:56  Metabolic Boost  
  22  3:02  Drone x3  
  25  3:34  Drone x7  
  32  3:47  Baneling Nest  
  31  3:52  Zergling x4  
  31  3:53  Zergling x4  
  34  3:57  Zergling x2  
  34  3:58  Zergling x2  
  33  4:06  Zergling x4  
  33  4:07  Zergling x2  
  34  4:24  Drone x2  
  36  4:38  Overlord x4  
  35  4:56  Queen  
  37  5:01  Zergling x6  
  37  5:02  Zergling x6  
  43  5:14  Zergling x2  
  43  5:15  Zergling x8  
  47  5:28  Zergling x10  
  45  5:36  Baneling x5  
  45  5:37  Baneling x3  
  45  5:41  Zergling x4  
  46  6:03  Zergling x2  
  46  6:04  Zergling x6  
  50  6:07  Zergling x2  
  50  6:16  Zergling x4  
  50  6:17  Zergling x6  
  55  6:24  Zergling x8  
Tags
 
Add a new tag
Caveats
  • Supply blocks, unpowered buildings, or Contaminate may cause inaccurate times.
  • Supply counts are checked every 10 seconds.